 Dungeon Crawl Stone Soup version 0.19-a0-261-g60b6c46 (webtiles) character file.

9997 AlphabetPasta the Spear-Bearer (level 11, -5/77 HPs)
             Began as an Octopode Abyssal Knight on May 26, 2016.
             Was a High Priest of Lugonu.
             Slain by a gargoyle
             ... wielding a +0 flail
              (13 damage)
             ... on level 11 of the Dungeon.
             The game lasted 00:49:09 (10781 turns).

AlphabetPasta the Spear-Bearer (OpAK)              Turns: 10781, Time: 00:49:10

Health: -5/77      AC:  4    Str: 13    XL:     11   Next: 55%
Magic:  8/8        EV: 16    Int: 18    God:    Lugonu [*****.]
Gold:   611        SH:  0    Dex: 12    Spells: 0 memorised, 10 levels left

rFire  . . .     SeeInvis .     o - +6 trident of Vuggufai {flame, +Fly MP-9 Int+2 Stlth+}
rCold  + . .     Gourm    .     (no shield)
rNeg   . . .     Faith    .     j - +1 hat {MR+}
rPois  +         Spirit   .     (no amulet)
rElec  .         Dismiss  .     k - ring of poison resistance
rCorr  .         Reflect  .     l - +4 ring of slaying (curse)
SustAt .         Harm     .     w - +2 ring of protection
MR     +....                    z - ring of protection from cold
Stlth  +++.......               (no ring)
                                (no ring)
                                (no ring)
                                (no ring)

@: somewhat resistant to hostile enchantments, fairly stealthy
A: almost no armour, amphibious, 8 rings, constrict 8, camouflage 1, gelatinous
body 1
a: Depart the Abyss, Bend Space, Banish, Corrupt, Enter the Abyss, Renounce
Religion, Evoke Flight


You were on level 11 of the Dungeon.
You worshipped Lugonu.
Lugonu was extremely pleased with you.
You were not hungry.

You visited 2 branches of the dungeon, and saw 12 of its levels.
You visited the Abyss 1 time.

You collected 611 gold pieces.

Inventory:

Hand Weapons
 a - a +1 spear
 m - a +0 halberd
 n - the +5 war axe "Vylik" {elec, rC+, unknown}
   (You found it on level 9 of the Dungeon)

   Occasionally, upon striking a foe, it will discharge some electrical energy
   and cause terrible harm.
   It protects you from cold.
 o - the +6 trident of Vuggufai (weapon) {flame, +Fly MP-9 Int+2 Stlth+}
   (You found it on level 5 of the Dungeon)

   It has been specially enchanted to burn those struck by it, causing extra
   injury to most foes and up to half again as much damage against particularly
   susceptible opponents.
   It affects your intelligence (+2).
   It affects your magic capacity (-9).
   It lets you fly.
   It makes you more stealthy.
 r - a +0 trident
Missiles
 x - 6 poisoned tomahawks (quivered)
 y - 29 poisoned needles
Armour
 j - a +1 hat of magic resistance (worn)
Jewellery
 k - a ring of poison resistance (left tentacle)
 l - a cursed +4 ring of slaying (right tentacle)
 w - a +2 ring of protection (on tentacle)
 z - a ring of protection from cold (on tentacle)
Wands
 q - a wand of slowing (15/48)
 A - a wand of random effects (17/48)
 D - a wand of digging (24/24)
Scrolls
 c - 3 scrolls of remove curse
 d - 4 scrolls of enchant armour
 F - a scroll of fear
 G - a scroll of summoning
Potions
 i - a potion of magic
 t - 3 potions of brilliance
 u - 2 potions of flight
 v - a potion of cancellation
 B - a potion of mutation {unknown}
 E - a potion of might {unknown}
Miscellaneous
 p - a disc of storms
Comestibles
 b - 8 bread rations
 g - a meat ration
 h - 4 beef jerkies
 C - 9 slices of pizza


   Skills:
 + Level 7.8 Fighting
 * Level 10.6 Polearms
 - Level 1.5 Throwing
 + Level 7.8 Dodging
 + Level 8.2 Invocations
 + Level 7.6 Evocations


You had 10 spell levels left.
You didn't know any spells.

Dungeon Overview and Level Annotations

Branches:
Dungeon (11/15)            Temple (1/1) D:4             Orc (0/2) D:10
   Lair: D:8-11

Altars:
Ashenzari
Cheibriados
Dithmenos
Elyvilon
Fedhas
Gozag
Hepliaklqana
Kikubaaqudgha
Makhleb
Nemelex Xobeh
Okawaru
Pakellas
Qazlal
Ru
Sif Muna
Trog
Ukayaw
Vehumet
Xom
Yredelemnul
Zin
The Shining One

Shops:
D:11 (


Innate Abilities, Weirdness & Mutations

You cannot wear most types of armour.
You are amphibious.
You can wear up to eight rings at the same time.
You can use your tentacles to constrict eight enemies at once.
Your skin changes colour to match your surroundings (Stealth+).
Your rubbery body absorbs attacks. (AC +1)


Message History

The gargoyle barely misses you.
You hit the gargoyle but do no damage.
The gargoyle is heavily damaged.
You constrict the gargoyle, but do no damage.
You hit the gargoyle but do no damage.
The gargoyle is heavily damaged.
You constrict the gargoyle, but do no damage.
The gargoyle hits you with a flail!!
You hit the gargoyle but do no damage.
The gargoyle is heavily damaged.
You constrict the gargoyle, but do no damage.
You hit the gargoyle but do no damage.
The gargoyle is heavily damaged.
You constrict the gargoyle, but do no damage.
The gargoyle hits you with a flail!!
* * * LOW HITPOINT WARNING * * *
You hit the gargoyle but do no damage.
The gargoyle is heavily damaged.
You constrict the gargoyle. The gargoyle hits you with a flail!
You die...

#............##
#..:..........#
#.............#
#.............
##.............
#..............
#......9.......
#..PPP.@......#
##..∩P........#
#..PP.......##
#.............
#####......###
###.......#
#........##
......#....##
.....#.......#


You could see a gargoyle.

Vanquished Creatures
  Gastronok (D:10)
  A hill giant (D:10)
  A centaur zombie (D:10)
  A gargoyle (D:10)
  A troll (D:9)
  A two-headed ogre (D:11)
  6 slime creatures (D:9)
  A wyvern (D:9)
  A human (D:8)
  2 hungry ghosts
  Menkaure (D:7)
  5 orc warriors
  2 sky beasts
  A necrophage (D:7)
  5 ice beasts
  A centaur (D:8)
  8 ogres
  A crocodile (D:8)
  Blork the orc (D:4)
  8 giant frogs
  A water moccasin skeleton (D:8)
  A wyvern skeleton (D:10)
  3 scorpions
  11 killer bees
  4 wights (D:9)
  5 crimson imps
  3 giant frog zombies
  3 jellies
  10 orc wizards
  7 orc priests
  5 hounds
  A giant frog skeleton (D:7)
  3 centaur skeletons
  7 iguanas
  9 worker ants
  4 sheep (D:8)
  A hound zombie (D:5)
  2 hound skeletons
  A howler monkey zombie (D:6)
  5 gnolls
  A howler monkey skeleton (D:4)
  8 adders
  4 shadow imps
  3 oozes
  A worm (D:2)
  2 dart slugs
  4 giant geckos
  48 orcs
  5 giant cockroaches
  5 goblins
  8 hobgoblins
  10 jackals
  8 quokkas
  2 ball pythons
  7 bats
  3 giant newts
  9 kobolds
  A quokka zombie (D:10)
  4 rats
268 creatures vanquished.

Vanquished Creatures (others)
  An unseen horror (D:10)
  A cyclops (D:10)
  A komodo dragon (D:10)
  A black bear (D:10)
  A giant frog (D:10)
  An orc wizard (D:3)
6 creatures vanquished.

Grand Total: 274 creatures vanquished

Notes
Turn   | Place    | Note
--------------------------------------------------------------
     0 | Abyss:1  | AlphabetPasta the Octopode Abyssal Knight began the quest for the Orb.
     0 | Abyss:1  | Reached XP level 1. HP: 16/16 MP: 2/2
    49 | Abyss:1  | Found a corrupted altar of Lugonu.
    76 | Abyss:2  | Noticed a raiju
   146 | Abyss:3  | Noticed a ynoxinul
   146 | D:1      | Escaped the Abyss
   437 | D:1      | Reached XP level 2. HP: 21/21 MP: 3/3
  1062 | D:1      | Reached * piety under Lugonu
  1179 | D:2      | Reached skill level 1 in Throwing
  1179 | D:2      | Reached XP level 3. HP: 13/26 MP: 4/4
  1356 | D:2      | Found a hazy altar of Hepliaklqana.
  1357 | D:2      | Found a basalt altar of Yredelemnul.
  1701 | D:2      | Reached XP level 4. HP: 31/31 MP: 5/5
  1831 | D:2      | Found an iron altar of Okawaru.
  2087 | D:2      | Reached skill level 3 in Polearms
  2189 | D:2      | Found a shadowy altar of Dithmenos.
  2503 | D:3      | Reached ** piety under Lugonu
  2565 | D:3      | Reached XP level 5. HP: 14/36 MP: 5/7
  2755 | D:3      | Found a radiant altar of Vehumet.
  2842 | D:3      | Found an opulent altar of Gozag.
  3060 | D:3      | Reached skill level 4 in Polearms
  3060 | D:3      | Reached XP level 6. HP: 35/43 MP: 8/8
  3440 | D:4      | Found a staircase to the Ecumenical Temple.
  3456 | Temple   | Entered the Ecumenical Temple
  3623 | D:4      | Reached *** piety under Lugonu
  3746 | D:4      | Reached skill level 1 in Evocations
  4019 | D:4      | Noticed Blork the orc
  4030 | D:4      | Killed Blork the orc
  4030 | D:4      | Reached XP level 7. HP: 32/48 MP: 9/9
  4396 | D:4      | Found a deep blue altar of Sif Muna.
  4543 | D:5      | Entered Level 5 of the Dungeon
  4570 | D:5      | Got a jewelled trident
  4571 | D:5      | Identified the +6 trident of Vuggufai {flame, +Fly MP-9 Int+2 Stlth+} (You found it on level 5 of the Dungeon)
  4641 | D:5      | Reached skill level 5 in Polearms
  5046 | D:5      | Reached XP level 8. HP: 53/54 MP: 2/11
  5362 | D:6      | Reached **** piety under Lugonu
  5362 | D:6      | Reached skill level 6 in Polearms
  5481 | D:6      | Reached skill level 5 in Fighting
  5511 | D:6      | Reached skill level 5 in Invocations
  5524 | D:6      | Found a stormy altar of Qazlal.
  5680 | D:6      | Reached skill level 5 in Dodging
  5797 | D:7      | Reached skill level 7 in Polearms
  5797 | D:7      | Reached XP level 9. HP: 61/61 MP: 3/12
  5896 | D:7      | Noticed Menkaure
  5900 | D:7      | Killed Menkaure
  6330 | D:7      | Found a glowing golden altar of the Shining One.
  6469 | D:7      | Reached skill level 5 in Evocations
  6720 | D:7      | Reached ***** piety under Lugonu
  6815 | D:7      | Reached skill level 8 in Polearms
  6984 | D:8      | Reached XP level 10. HP: 54/68 MP: 5/14
  7485 | D:8      | Found an oddly glowing altar of Pakellas.
  7503 | D:8      | Found a bloodstained altar of Trog.
  7538 | D:8      | Found a snail-covered altar of Cheibriados.
  7815 | D:9      | Reached skill level 9 in Polearms
  8527 | D:9      | Found a white marble altar of Elyvilon.
  8547 | D:9      | Got an iridescent war axe
  9176 | D:10     | Entered Level 10 of the Dungeon
  9176 | D:10     | Noticed Gastronok
  9241 | D:10     | Found a staircase to the Orcish Mines.
  9241 | D:10     | Noticed a hill giant
  9241 | D:10     | Killed an unseen horror
  9276 | D:10     | Reached XP level 11. HP: 36/75 MP: 7/16
  9417 | D:10     | Killed a cyclops
  9500 | D:10     | Reached skill level 10 in Polearms
  9945 | D:10     | Killed a hill giant
  9975 | D:10     | Killed Gastronok
 10251 | D:10     | Found a shimmering altar of Xom.
 10764 | D:11     | Found Plog's Antique Weapon Shoppe.
 10781 | D:11     | Slain by a gargoyle

Vault maps used:
D:1:      onia_arrival_mini_maze_b, st_stairs_7
D:2:      lemuel_crystal_altar, okawaru_altar_gauntlet_db,
          gammafunk_temple_overflow_statue, first_bread
D:3:      vehumet_crystals, old_standard_altar
D:4:      marbit_many_paths, minmay_temple_entry_butterflies,
          minmay_misc_feat_alley, uniq_blork_the_orc
D:6:      grunt_qazlal_sundering
D:7:      tso_oasis_becter, minmay_strange_pillars, uniq_menkaure
D:8:      kennysheep_mini, basic_altar, grunt_livestock, lemuel_tele_altar
D:9:      old_standard_altar
D:10:     lair_0_dummy, orc_0_dummy, xom_confusion_cloud, uniq_gastronok
D:11:     serial_shops, nicolae_shop_overgrown_old_shop, uniq_maurice
Temple:   circular_temple_pool_12
Abyss:2:  hangedman_abyss_or_decor_passed, evilmike_abyss_exit_5
Abyss:3:  serial_sigils_hangedman_gut,
          dshaligram_kb_abyss_rune_zappy_water_cross, hangedman_decor_riveting

Skill      XL: |  1  2  3  4  5  6  7  8  9 10 11 |
---------------+----------------------------------+-----
Throwing       | 1 |  1.5
Polearms       | 3 4 5 7 8 9 10 | 10.6
Dodging        | 3 4 5 6 7 |  7.8
Invocations    | 3 4 5 6 7 8 |  8.2
Fighting       | 4 5 6 7 |  7.8
Evocations     | 1 2 4 5 6 7 |  7.6

Action                   |  1- 3 |  4- 6 |  7- 9 | 10-12 || total
-------------------------+-------+-------+-------+-------++-------
Melee: Spear             |    82 |   162 |       |       ||   244
       Constrict         |    14 |    29 |    29 |    24 ||    96
       Tentacles         |     7 |    21 |    19 |    35 ||    82
       Halberd           |       |    14 |    18 |       ||    32
       Trident           |       |       |   191 |   259 ||   450
Throw: Tomahawk          |       |       |       |     5 ||     5
Invok: Depart the Abyss  |     1 |       |       |       ||     1
Evoke: Wand              |       |     2 |       |     1 ||     3
  Use: Potion            |       |     2 |     1 |     7 ||    10
       Scroll            |       |     6 |     9 |     9 ||    24
 Stab: Sleeping          |     4 |    11 |    19 |     6 ||    40
       Distracted        |       |       |       |     5 ||     5
  Eat: Fruit             |     1 |       |       |       ||     1
       Chunk             |     2 |     7 |     8 |     7 ||    24
       Royal jelly       |       |       |     1 |       ||     1
       Meat ration       |       |       |       |     2 ||     2
Armor: Skin              |     5 |     5 |     7 |    12 ||    29
Dodge: Dodged            |    24 |    53 |    50 |    76 ||   203
